 Dungeon Crawl Stone Soup version 0.25.0-15-gac7dcb8919 (console) character file.

Game seed: 16884268836064949927

9051 Kagalorn the Blocker (level 11, -2/89 HPs)
             Began as a Gnoll Fighter on June 29, 2020.
             Was a Follower of Ashenzari.
             Killed from afar by Fannar (40 damage)
             ... with a bolt of cold
             ... on level 9 of the Dungeon.
             The game lasted 00:23:03 (12208 turns).

Kagalorn the Blocker (Gnoll Fighter)               Turns: 12208, Time: 00:23:03

Health: -2/89      AC: 24    Str: 18    XL:     11   Next: 40%
Magic:  20/20      EV:  7    Int: 15    God:    Ashenzari [*.....]
Gold:   305        SH: 11    Dex: 14    Spells: 22/22 levels left

rFire    . . .     SeeInvis .   a - +3 rapier (protect)
rCold    . . .     Gourm    .   D - +0 kite shield (curse)
rNeg     + . .     Faith    .   q - +0 plate armour (curse)
rPois    .         Spirit   .   H - +1 hat (curse)
rElec    .         Reflect  .   (no cloak)
rCorr    .         Harm     .   y - +0 pair of gloves
MR       .....                  c - +0 pair of boots
Stlth    ..........             P - amulet of the acrobat (curse)
HPRegen  0.24/turn              e - ring of stealth
MPRegen  0.17/turn              b - ring of positive energy

@: protection aura
A: distributed training, fangs 1, strong nose
a: Curse Item, Scrying, Renounce Religion


You were on level 9 of the Dungeon.
You worshipped Ashenzari.
Ashenzari was aware of your devotion.
You were very hungry.

You visited 2 branches of the dungeon, and saw 11 of its levels.

You collected 623 gold pieces.
You spent 318 gold pieces at shops.

Inventory:

Hand Weapons
 a - a +3 rapier of protection (weapon)
 j - a +0 hand axe of flaming
 C - a +0 war axe
Missiles
 g - 272 stones
 n - 34 bolts
 p - 125 sling bullets
 L - 15 poisoned darts (quivered)
 N - 4 boomerangs of dispersal
 S - 9 boomerangs
Armour
 c - a +0 pair of boots (worn)
 q - a cursed +0 plate armour (worn)
 y - a +0 pair of gloves (worn)
 D - a cursed +0 kite shield (worn)
 H - a cursed +1 hat (worn)
Jewellery
 b - a ring of positive energy (right hand)
 e - a ring of stealth (left hand)
 w - an uncursed ring of flight
 P - a cursed amulet of the acrobat (around neck)
 T - an uncursed ring of resist corrosion
 W - an uncursed ring of positive energy
Wands
 h - a wand of random effects (19)
 i - a wand of iceblast (5)
 G - a wand of polymorph (9)
 Q - a wand of acid (5)
 R - a wand of flame (21)
 V - a wand of digging (6)
Scrolls
 k - 2 scrolls of enchant weapon {unknown}
 r - 7 scrolls of remove curse
 t - 3 scrolls of amnesia
 u - 2 scrolls of magic mapping
 v - 12 scrolls of teleportation
 F - 4 scrolls of fog
 I - a scroll of blinking
 M - 2 scrolls of fear
 X - a scroll of enchant armour
Potions
 d - a potion of might
 m - 2 potions of cancellation
 o - a potion of heal wounds
 x - a potion of flight
 z - 3 potions of stabbing
 A - 4 potions of curing
 E - 2 potions of ambrosia
 J - a potion of invisibility
 K - a potion of lignification
 O - a potion of mutation
 U - 2 potions of experience
Comestibles
 f - 25 rations


   Skills:
 + Level 9.1 Fighting
 + Level 6.1 Short Blades
 + Level 6.1 Long Blades
 + Level 7.7 Axes
 + Level 6.1 Maces & Flails
 + Level 6.1 Polearms
 + Level 6.1 Staves
 + Level 6.1 Slings
 + Level 6.1 Bows
 + Level 6.1 Crossbows
 + Level 6.1 Throwing
 + Level 9.1 Armour
 + Level 6.1 Dodging
 + Level 6.1 Stealth
 + Level 9.1 Shields
 + Level 6.1 Unarmed Combat
 + Level 6.1 Spellcasting
 + Level 5.1 Conjurations
 + Level 5.1 Hexes
 + Level 5.1 Charms
 + Level 5.1 Summonings
 + Level 5.1 Necromancy
 + Level 5.1 Translocations
 + Level 5.1 Transmutations
 + Level 5.1 Fire Magic
 + Level 5.1 Ice Magic
 + Level 5.1 Air Magic
 + Level 5.1 Earth Magic
 + Level 5.1 Poison Magic
 + Level 6.7 Invocations
 + Level 6.1 Evocations


You had 22 spell levels left.
You didn't know any spells.
Your spell library contained the following spells:

 Spells                   Type           Power        Failure   Level  Hunger
 Animate Skeleton         Necr           N/A          67%         1    None
 Apportation              Tloc           ###...       67%         1    None
 Corona                   Hex            ###....      67%         1    None
 Summon Small Mammal      Summ           ###.         67%         1    None


Dungeon Overview and Level Annotations

Branches:
Dungeon (10/15)            Temple (1/1) D:6            Lair (0/6) D:8
    Orc: D:9-12

Altars:
Ashenzari
Cheibriados
Dithmenos
Elyvilon
Fedhas
Gozag
Hepliaklqana
Kikubaaqudgha
Makhleb
Nemelex Xobeh
Okawaru
Qazlal
Ru
Sif Muna
Trog
Uskayaw
Vehumet
Wu Jian
Xom
Yredelemnul
Zin
The Shining One

Shops:
D:7 =

Annotations:
D:9 Fannar


Innate Abilities, Weirdness & Mutations

Your experience applies equally to all skills.
You have very sharp teeth.
Your uncanny sense of smell can sniff out nearby items.


Message History

You miss Fannar.
Fannar is moderately wounded.
Fannar barely misses you.
You hit Fannar but do no damage.
Fannar is moderately wounded.
You block Fannar's attack.
You hit Fannar. You bite Fannar, but do no damage.
Fannar is moderately wounded.
Fannar hits you but does no damage.
You hit Fannar.
Fannar is moderately wounded.
Fannar is no longer covered in acid.
You block Fannar's attack.
You hit Fannar but do no damage.
Fannar is moderately wounded.
Fannar hits you but does no damage.
You puncture Fannar!
Fannar is heavily wounded.
Fannar casts a spell at you. The bolt of cold hits you!!!
You die...

...# #.# #..### #### #.##
##...### #..# ###...# ##.#
#######.## ########'####
#.......>#
#######...........#####........#
..#...[.........).#............#
..#.###........?[.'.###........#
..'.# #..)...[..@e### #........#
..### #...........# #........#
### ##########'## #........# #
###.# #####.#### ## ###...# #..#
.# #...### ##.## .# #)### #..#
.# #####'### #####'### #####
#...[...#### #.......#


You could see Fannar (icy armour).

Vanquished Creatures
  2 two-headed ogres
  Pikel (D:9)
  Prince Ribbit (D:6)
  A hippogriff (D:8)
  A shadow (D:8)
  A basilisk (D:8)
  3 hogs (D:7)
  A wyvern (D:8)
  Eustachio (D:4)
  11 yaks
  A human (D:7)
  A hungry ghost (D:7)
  2 sky beasts
  2 porcupines (D:8)
  4 orc warriors
  A slave (D:9)
  7 ice beasts
  A necrophage (D:6)
  A black bear (D:7)
  A phantom (D:8)
  2 ogres
  2 centaurs (D:8)
  2 crocodiles (D:8)
  4 bullfrogs
  3 scorpions
  A water moccasin skeleton (D:7)
  A howler monkey (D:2)
  3 crimson imps
  A centaur zombie (D:7)
  A bullfrog zombie (D:10)
  A quasit (D:9)
  4 hounds
  5 orc priests
  2 centaur skeletons
  3 jellies
  13 orc wizards
  2 bullfrog skeletons
  An iguana (D:6)
  3 worker ants
  A hound zombie (D:8)
  A worker ant zombie (D:8)
  11 gnolls
  12 adders
  2 shadow imps
  An ooze (D:2)
  4 adder skeletons
  2 worms (D:4)
  2 dart slugs (D:1)
  4 leopard geckos
  41 orcs
  7 bats
  5 giant cockroaches
  15 goblins
  7 hobgoblins
  6 jackals
  3 quokkas
  A ball python (D:4)
  4 frilled lizards
  A kobold (D:2)
  A quokka skeleton (D:8)
  A quokka zombie (D:8)
  6 rats
236 creatures vanquished.

Vanquished Creatures (others)
  An ice beast (D:9)
  A slave (D:9)
  A fungus (D:8)
  2 plants (D:8)
5 creatures vanquished.

Grand Total: 241 creatures vanquished

Notes
Turn   | Place    | Note
-------+----------+-------------------------------------------
     0 | D:1      | Kagalorn the Gnoll Fighter began the quest for the Orb.
     0 | D:1      | Reached XP level 1. HP: 23/23 MP: 1/1
   136 | D:1      | Reached XP level 2. HP: 29/29 MP: 2/2
   428 | D:1      | Reached XP level 3. HP: 35/35 MP: 3/3
   881 | D:2      | Reached skill level 1 in Short Blades
   881 | D:2      | Reached skill level 1 in Long Blades
   881 | D:2      | Reached skill level 1 in Maces & Flails
   881 | D:2      | Reached skill level 1 in Polearms
   881 | D:2      | Reached skill level 1 in Staves
   881 | D:2      | Reached skill level 1 in Slings
   881 | D:2      | Reached skill level 1 in Bows
   881 | D:2      | Reached skill level 1 in Crossbows
   881 | D:2      | Reached skill level 1 in Throwing
   881 | D:2      | Reached skill level 1 in Dodging
   881 | D:2      | Reached skill level 1 in Stealth
   881 | D:2      | Reached skill level 1 in Unarmed Combat
   881 | D:2      | Reached skill level 1 in Spellcasting
   881 | D:2      | Reached skill level 1 in Invocations
   881 | D:2      | Reached skill level 1 in Evocations
   881 | D:2      | Reached XP level 4. HP: 35/41 MP: 3/5
  1018 | D:2      | Reached skill level 1 in Conjurations
  1018 | D:2      | Reached skill level 1 in Hexes
  1018 | D:2      | Reached skill level 1 in Charms
  1018 | D:2      | Reached skill level 1 in Summonings
  1018 | D:2      | Reached skill level 1 in Necromancy
  1018 | D:2      | Reached skill level 1 in Translocations
  1018 | D:2      | Reached skill level 1 in Transmutations
  1018 | D:2      | Reached skill level 1 in Fire Magic
  1018 | D:2      | Reached skill level 1 in Ice Magic
  1018 | D:2      | Reached skill level 1 in Air Magic
  1018 | D:2      | Reached skill level 1 in Earth Magic
  1018 | D:2      | Reached skill level 1 in Poison Magic
  1097 | D:2      | Reached XP level 5. HP: 35/47 MP: 6/6
  2193 | D:3      | Found a faded altar of an unknown god.
  2413 | D:4      | Reached XP level 6. HP: 37/53 MP: 8/8
  2608 | D:4      | Reached skill level 5 in Axes
  2944 | D:4      | Reached XP level 7. HP: 58/59 MP: 10/10
  2957 | D:4      | Noticed Eustachio
  3213 | D:4      | Killed Eustachio
  3718 | D:5      | Entered Level 5 of the Dungeon
  4244 | D:5      | Found a sacrificial altar of Ru.
  4468 | D:5      | Reached XP level 8. HP: 66/67 MP: 12/12
  4998 | D:5      | Found an ornate altar of the Wu Jian Council.
  5171 | D:6      | Found a white marble altar of Elyvilon.
  5563 | D:6      | Found a staircase to the Ecumenical Temple.
  5650 | Temple   | Entered the Ecumenical Temple
  5827 | Temple   | Became a worshipper of Ashenzari the Shackled
  6075 | D:6      | Noticed Prince Ribbit
  6108 | D:6      | Killed Prince Ribbit
  6633 | D:5      | Found an ornate altar of the Wu Jian Council.
  6998 | D:5      | Reached XP level 9. HP: 71/71 MP: 14/14
  7093 | D:6      | Found Gefech Melu's Magic Scroll Emporium.
  7096 | D:6      | Bought a scroll of amnesia for 42 gold pieces
  7096 | D:6      | Bought a scroll of remove curse for 36 gold pieces
  7096 | D:6      | Bought a scroll of identify for 24 gold pieces
  7096 | D:6      | Bought a scroll of teleportation for 36 gold pieces
  7096 | D:6      | Bought a scroll of noise for 12 gold pieces
  7096 | D:6      | Bought a scroll of remove curse for 36 gold pieces
  7096 | D:6      | Bought a scroll of identify for 24 gold pieces
  7096 | D:6      | Bought a scroll of remove curse for 36 gold pieces
  7096 | D:6      | Bought 2 scrolls of fog for 48 gold pieces
  7096 | D:6      | Bought a scroll of identify for 24 gold pieces
  7517 | D:7      | Paralysed by fainting for 9 turns
  8175 | D:7      | Found Viufouf's Jewellery Boutique.
  8231 | D:8      | Reached skill level 5 in Invocations
  8424 | D:8      | Reached XP level 10. HP: 79/79 MP: 17/17
  8436 | D:8      | Noticed a two-headed ogre
  8464 | D:8      | Killed a two-headed ogre
  8464 | D:8      | Reached skill level 5 in Short Blades
  8464 | D:8      | Reached skill level 5 in Long Blades
  8464 | D:8      | Reached skill level 5 in Maces & Flails
  8464 | D:8      | Reached skill level 5 in Polearms
  8464 | D:8      | Reached skill level 5 in Staves
  8464 | D:8      | Reached skill level 5 in Slings
  8464 | D:8      | Reached skill level 5 in Bows
  8464 | D:8      | Reached skill level 5 in Crossbows
  8464 | D:8      | Reached skill level 5 in Throwing
  8464 | D:8      | Reached skill level 5 in Dodging
  8464 | D:8      | Reached skill level 5 in Stealth
  8464 | D:8      | Reached skill level 5 in Unarmed Combat
  8464 | D:8      | Reached skill level 5 in Spellcasting
  8464 | D:8      | Reached skill level 5 in Evocations
  9172 | D:8      | Found a staircase to the Lair.
 10062 | D:9      | Noticed Pikel
 10087 | D:9      | Killed Pikel
 10087 | D:9      | Reached XP level 11. HP: 48/86 MP: 19/19
 10494 | D:9      | Found a glowing golden altar of the Shining One.
 10928 | D:9      | Found an ancient bone altar of Kikubaaqudgha.
 11019 | D:9      | Reached * piety under Ashenzari
 11039 | D:10     | Entered Level 10 of the Dungeon
 11185 | D:10     | Noticed a two-headed ogre
 11219 | D:10     | Killed a two-headed ogre
 11225 | D:10     | Reached skill level 5 in Conjurations
 11225 | D:10     | Reached skill level 5 in Hexes
 11225 | D:10     | Reached skill level 5 in Charms
 11225 | D:10     | Reached skill level 5 in Summonings
 11225 | D:10     | Reached skill level 5 in Necromancy
 11225 | D:10     | Reached skill level 5 in Translocations
 11225 | D:10     | Reached skill level 5 in Transmutations
 11225 | D:10     | Reached skill level 5 in Fire Magic
 11225 | D:10     | Reached skill level 5 in Ice Magic
 11225 | D:10     | Reached skill level 5 in Air Magic
 11225 | D:10     | Reached skill level 5 in Earth Magic
 11225 | D:10     | Reached skill level 5 in Poison Magic
 11825 | D:10     | Noticed Fannar
 12208 | D:9      | Killed from afar by Fannar

Illustrated notes

Levels and vault maps discovered:
D:1:      sevenhm_arrival_forest_fort_large_2, layout_basic
D:2:      lemuel_upstairs_altar, layout_loops_cross, corexii_shack
D:3:      layout_basic, chequers_ecumenical_altar_twisty
D:4:      layout_loops_ring, first_ration, uniq_eustachio
D:5:      layout_layer_cave, kennysheep_little_box,
          nicolae_overflow_crystal_walls
D:6:      layout_loops_ring, elyvilon_altar_4,
          minmay_temple_entry_statues_pillars, serial_shops,
          nicolae_shop_behind_doors, grunt_ministairs_3,
          nicolae_zen_rock_garden, uniq_prince_ribbit1
D:7:      layout_basic, serial_shops, shop, grunt_livestock, minivault_22
D:8:      wad_arrow_thing, layout_loops_corners, minmay_lair_entry_grove
D:9:      layout_roguey, lemuel_crystal_altar, tso_altar, uniq_pikel
D:10:     layout_rooms, uniq_fannar
Temple:   regret_index_temple_mists

Skill      XL: |  1  2  3  4  5  6  7  8  9 10 11 |
---------------+----------------------------------+-----
Short Blades   | 1 2 3 4 5 6 |  6.1
Long Blades    | 1 2 3 4 5 6 |  6.1
Maces & Flails | 1 2 3 4 5 6 |  6.1
Polearms       | 1 2 3 4 5 6 |  6.1
Staves         | 1 2 3 4 5 6 |  6.1
Slings         | 1 2 3 4 5 6 |  6.1
Bows           | 1 2 3 4 5 6 |  6.1
Crossbows      | 1 2 3 4 5 6 |  6.1
Throwing       | 1 2 3 4 5 6 |  6.1
Dodging        | 1 2 3 4 5 6 |  6.1
Stealth        | 1 2 3 4 5 6 |  6.1
Unarmed Combat | 1 2 3 4 5 6 |  6.1
Spellcasting   | 1 2 3 4 5 6 |  6.1
Invocations    | 1 2 3 4 5 6 |  6.7
Evocations     | 1 2 3 4 5 6 |  6.1
Conjurations   | 1 2 3 4 5 |  5.1
Hexes          | 1 2 3 4 5 |  5.1
Charms         | 1 2 3 4 5 |  5.1
Summonings     | 1 2 3 4 5 |  5.1
Necromancy     | 1 2 3 4 5 |  5.1
Translocations | 1 2 3 4 5 |  5.1
Transmutations | 1 2 3 4 5 |  5.1
Fire Magic     | 1 2 3 4 5 |  5.1
Ice Magic      | 1 2 3 4 5 |  5.1
Air Magic      | 1 2 3 4 5 |  5.1
Earth Magic    | 1 2 3 4 5 |  5.1
Poison Magic   | 1 2 3 4 5 |  5.1
Axes           | 5 6 7 |  7.7
Fighting       | 7 8 9 |  9.1
Armour         | 7 8 9 |  9.1
Shields        | 7 8 9 |  9.1

Action                   |  1- 3 |  4- 6 |  7- 9 | 10-12 || total
-------------------------+-------+-------+-------+-------++-------
Melee: War axe           |    53 |   169 |    73 |       ||   295
       Bite              |     3 |    19 |    48 |    84 ||   154
       Rapier            |       |       |   335 |   551 ||   886
Throw: Dart              |       |       |    17 |    16 ||    33
Invok: Curse Item        |       |       |     3 |       ||     3
Evoke: Wand              |       |       |       |     3 ||     3
  Use: Scroll            |       |       |    12 |     4 ||    16
       Potion            |       |       |       |     1 ||     1
 Stab: Sleeping          |     1 |     5 |     6 |       ||    12
       Distracted        |       |     1 |       |       ||     1
  Eat: Chunk             |       |     6 |    10 |    12 ||    28
       Ration            |       |       |     4 |       ||     4
Armor: Scale mail        |     9 |       |       |       ||     9
       Ring mail         |    13 |    57 |    84 |       ||   154
       Plate armour      |       |       |   106 |   235 ||   341
Dodge: Dodged            |    19 |    50 |    89 |   116 ||   274
Block: Kite shield       |    27 |    87 |   195 |   210 ||   519
